Panthers vs Devils

Created - November 20, 2025 at 19:20

Goals
1 2 3 T
Panthers 3 2 2 7
Devils 1 0 2 3
Shots
1 2 3 T
Panthers 10 11 13 34
Devils 12 10 17 39

1st period

1. Panthers , Alex Galchenyuk 4 (Nick Schmaltz 5, Matt Duchene 4) at 4:48
2. Devils , Jonathan Huberdeau 2 (Brayden Point 6, Sam Bennett 2) at 6:03 (PP)
3. Panthers , Rasmus Ristolainen 1 (Jordan Szwarz 2, Aaron Ekblad 1) at 7:45
4. Panthers , Dmitrij Jaskin 1 (Dominik Kahun 1) at 14:20

Penalties :
Rasmus Ristolainen (Flo) for Close Hand On Puck (Minor) at 5:12, Nazem Kadri (N.J) for Tripping (Minor) at 11:35, Michael Del Zotto (N.J) for Slashing (Double Minor) at 14:41

2nd period

5. Panthers , Alex Galchenyuk 5 (Rasmus Ristolainen 4) at 15:05
6. Panthers , Jordan Szwarz 1 (Timothy Liljegren 3, Nathan Walker 2) at 16:18

Penalties :
Matt Duchene (Flo) for Roughing (Minor) at 3:56, Sam Bennett (N.J) for Tripping (Minor) at 6:56

3rd period

7. Panthers , Aleksander Barkov 1 (Radim Simek 1) at 9:25
8. Panthers , Alex Galchenyuk 6 (Matt Duchene 5) at 9:41
9. Devils , Brayden Point 2 (Jonathan Huberdeau 9, Logan Shaw 2) at 13:06
10. Devils , Jonathan Huberdeau 3 (Logan Shaw 3, Brayden Point 7) at 19:04

Penalties :
Griffin Reinhart (Flo) for Tripping (Minor) at 1:16, Griffin Reinhart (Flo) for High sticking (Minor) at 4:30, Niklas Hansson (Flo) for Hooking (Minor) at 13:52

Goalie Stats

Brandon Halverson (Flo), 36 saves from 39 shots - (0.923), W, 1-0-1, 60:00 minutes
Elvis Merzlikins (N.J), 14 saves from 18 shots - (0.778), L, 3-1-0, 35:05 minutes
Olivier Roy (N.J), 13 saves from 16 shots - (0.813), 24:55 minutes

Players Stats for Panthers

Player Name              G  A  P  +/- PIM S  H  SB GA TA FO     MP     PP MP  PK MP  
------------------------------------------------------------------------------------
Aaron Ekblad             0  1  1   3  0   1  1  2  0  0  0/0    25:57   0:50   5:26 
Aleksander Barkov        1  0  1   1  0   6  2  0  0  1  8/11   19:53   3:24   5:13 
Alex Galchenyuk          3  0  3   2  0   8  0  0  0  1  1/3    19:55   3:47   1:01 
Chris Bourque            0  0  0   0  0   1  2  0  0  0  0/0     7:13   0:57   0:00 
Dmitrij Jaskin           1  0  1   0  0   2  0  0  0  0  0/0     7:17   0:48   0:00 
Dominik Kahun            0  1  1   0  0   1  2  0  0  0  1/1    10:33   0:42   1:00 
Drake Batherson          0  0  0   1  0   1  0  0  1  0  2/4    14:39   3:24   0:00 
Griffin Reinhart         0  0  0   1  4   1  0  0  0  0  0/0    20:13   3:27   0:51 
Jordan Szwarz            1  1  2   2  0   1  2  0  0  0  0/0     8:50   0:00   0:00 
Matt Duchene             0  2  2   2  2   0  1  0  0  1  17/26  18:10   3:51   0:00 
Miro Aaltonen            0  0  0   2  0   0  0  0  0  0  3/7    11:54   0:00   3:04 
Nathan Walker            0  1  1   2  0   0  2  0  0  0  0/0     9:04   0:01   0:00 
Nick Schmaltz            0  1  1   2  0   3  2  1  1  0  2/3    24:27   3:45   4:48 
Niklas Hansson           0  0  0   0  2   1  1  1  0  1  0/0    24:00   3:27   4:18 
Nikolay Goldobin         0  0  0   1  0   2  1  0  0  1  1/1    16:55   3:12   2:28 
Radim Simek              0  1  1   2  0   2  1  0  0  0  0/0    13:20   0:00   3:38 
Rasmus Ristolainen       1  1  2   3  2   4  1  1  1  1  0/0    24:39   4:26   3:03 
Timothy Liljegren        0  1  1   1  0   0  1  0  0  1  0/0    14:09   3:44   0:18 

Players Stats for Devils

Player Name              G  A  P  +/- PIM S  H  SB GA TA FO     MP     PP MP  PK MP  
------------------------------------------------------------------------------------
Anton Lander             0  0  0  -1  0   0  1  1  0  0  0/0     8:59   0:00   1:33 
Brayden Point            1  2  3   0  0   6  0  0  1  0  7/25   19:11   4:47   0:00 
Cam Fowler               0  0  0  -5  0   3  1  2  0  0  0/0    23:47   3:18   3:22 
Damon Severson           0  0  0   0  0   0  1  1  0  0  0/0    18:29   3:18   1:19 
Erik Karlsson            0  0  0   0  0   1  3  1  0  0  0/0    21:05   5:29   1:35 
Filip Hronek             0  0  0   0  0   3  0  3  1  0  0/0    18:36   0:00   3:50 
Ilya Lyubushkin          0  0  0   0  0   1  1  1  0  0  0/0    16:12   0:00   4:04 
Jeff Skinner             0  0  0  -4  0   1  3  0  2  0  1/2    18:28   3:53   1:33 
Jonathan Huberdeau       2  1  3   0  0   6  1  0  2  0  0/2    19:19   4:54   0:00 
Logan Shaw               0  2  2   0  0   8  0  0  0  0  1/2    16:48   0:07   2:12 
Michael Del Zotto        0  0  0  -5  4   2  2  0  1  1  0/0    21:52   5:29   1:44 
Nazem Kadri              0  0  0  -4  2   1  0  2  0  0  9/17   17:10   3:53   0:00 
Nick Palmieri            0  0  0  -1  0   0  2  1  0  0  0/0     9:47   0:00   3:31 
Ondrej Kase              0  0  0   0  0   3  1  1  0  1  0/1    11:45   0:10   2:17 
Sam Bennett              0  1  1   0  2   0  2  0  0  1  3/7    15:44   4:44   2:36 
Sven Baertschi           0  0  0   0  0   0  1  0  0  0  0/0    11:43   0:00   2:12 
Tom Wilson               0  0  0  -4  0   3  3  0  0  0  0/0    16:55   3:53   0:00 
Valeri Nichushkin        0  0  0  -1  0   1  0  0  0  0  0/0     6:10   0:00   0:00 

3 Stars

1 - Alex Galchenyuk (Flo)
2 - Jordan Szwarz (Flo)
3 - Rasmus Ristolainen (Flo)

Power Play

Panthers - 0 on 4 Attempt(s) - 0.00%
Devils - 1 on 5 Attempt(s) - 20.00%

Penalty Kill

Panthers - 4 on 5 Attempt(s) - 80.00% - Score 0 goal in Penalty Kill
Devils - 4 on 4 Attempt(s) - 100.00% - Score 0 goal in Penalty Kill

Team Stat

Panthers - Hits : 19 - Faceoff Wins : 35 - Blocked Shots : 5 - Penalty Minutes : 10
Devils - Hits : 22 - Faceoff Wins : 21 - Blocked Shots : 13 - Penalty Minutes : 8

Official

Referees : Tom Chmielewski and Ian Walsh
Linesman : Ryan Gibbons and Steve Barton

Game Notes

Olivier Roy enters game at 15:05 of 2nd period
Alex Galchenyuk has scored a Hat Trick!

Finance

Level 1 -- Attendance: 5588 (93.13%) -- Ticket Income $558,800
Level 2 -- Attendance: 5000 (100.00%) -- Ticket Income $350,000
Level 3 -- Attendance: 1761 (88.05%) -- Ticket Income $70,440
Level 4 -- Attendance: 3665 (91.63%) -- Ticket Income $109,950
Luxury Box -- Attendance: 1000 (100.00%) -- Ticket Income $200,000
Game was played at the Prudential Center.
Total Attendance: 17014 (94.52%)
Total Ticket Income: $1,289,190
Other Income: $193,378
Total Income: $1,482,568

Panthers

5 vs 5 Forward 
   Center                   Left Wing                Right Wing               Time % Phy DF OF 
 1 Matt Duchene             Alex Galchenyuk          Nick Schmaltz            40     1   2  2  
 2 Aleksander Barkov        Nikolay Goldobin         Drake Batherson          30     1   2  2  
 3 Miro Aaltonen            Nathan Walker            Jordan Szwarz            20     1   2  2  
 4 Dominik Kahun            Chris Bourque            Dmitrij Jaskin           10     1   2  2  

5 vs 5 Defense 
   Defense                  Defense                                           Time % Phy DF OF 
 1 Rasmus Ristolainen       Aaron Ekblad                                      40     1   2  2  
 2 Niklas Hansson           Griffin Reinhart                                  30     1   2  2  
 3 Radim Simek              Timothy Liljegren                                 20     1   2  2  
 4 Rasmus Ristolainen       Aaron Ekblad                                      10     1   2  2  

PowerPlay Forward 
   Center                   Left Wing                Right Wing               Time % Phy DF OF 
 1 Matt Duchene             Alex Galchenyuk          Nick Schmaltz            60     0   1  4  
 2 Aleksander Barkov        Nikolay Goldobin         Drake Batherson          40     0   1  4  

PowerPlay Defense
   Defense                  Defense                                           Time % Phy DF OF 
 1 Rasmus Ristolainen       Timothy Liljegren                                 60     0   2  3  
 2 Niklas Hansson           Griffin Reinhart                                  40     0   2  3  

Penalty Kill 4 Players Forward 
   Center                   Wing                     Time % Phy DF OF 
 1 Aleksander Barkov        Nick Schmaltz            60     0   3  2  
 2 Miro Aaltonen            Nikolay Goldobin         40     0   3  2  

Penalty Kill 4 Players Defense
   Defense                  Defense                  Time % Phy DF OF 
 1 Niklas Hansson           Aaron Ekblad             60     1   4  0  
 2 Rasmus Ristolainen       Radim Simek              40     1   4  0  

Penalty Kill - 3 Players Forward 
   Forward                                           Time % Phy DF OF 
 1 Nick Schmaltz                                     60     0   3  2  
 2 Aleksander Barkov                                 40     0   3  2  

Penalty Kill - 3 Players Defense
   Defense                  Defense                  Time % Phy DF OF 
 1 Niklas Hansson           Aaron Ekblad             60     1   4  0  
 2 Rasmus Ristolainen       Radim Simek              40     1   4  0  

4 vs 4 Forward 
   Center                   Wing                     Time % Phy DF OF 
 1 Matt Duchene             Alex Galchenyuk          60     1   2  2  
 2 Aleksander Barkov        Drake Batherson          40     1   2  2  

4 vs 4 Defense
   Defense                  Defense                  Time % Phy DF OF 
 1 Rasmus Ristolainen       Aaron Ekblad             60     1   2  2  
 2 Niklas Hansson           Griffin Reinhart         40     1   2  2  

Last Minutes Offensive
   Center                   Left Wing                Right Wing               Defense                  Defense                  
   Matt Duchene             Alex Galchenyuk          Drake Batherson          Rasmus Ristolainen       Aaron Ekblad             

Last Minutes Defensive
   Center                   Left Wing                Right Wing               Defense                  Defense                  
   Aleksander Barkov        Nikolay Goldobin         Nick Schmaltz            Niklas Hansson           Aaron Ekblad             

Goaltenders
Starting : Brandon Halverson        
Backup : Ville Husso              

Extra Forwards
Normal : Aleksander Barkov, Alex Galchenyuk, Matt Duchene - PP : Aleksander Barkov, Matt Duchene - PK : Miro Aaltonen
Extra Defensemen
Normal : Niklas Hansson, Rasmus Ristolainen, Aaron Ekblad - PP : Rasmus Ristolainen - PK : Radim Simek, Niklas Hansson
Penalty Shots
Drake Batherson, Alex Galchenyuk, Miro Aaltonen, Aleksander Barkov, Matt Duchene
Custom OT Lines Forwards
Matt Duchene, Alex Galchenyuk, Aleksander Barkov, Drake Batherson, Nick Schmaltz, Jordan Szwarz, Miro Aaltonen, Nathan Walker, Nikolay Goldobin, Chris Bourque
Custom OT Lines Defensemen
Rasmus Ristolainen, Aaron Ekblad, Niklas Hansson, Radim Simek, Griffin Reinhart

Scratches
None

Devils

5 vs 5 Forward 
   Center                   Left Wing                Right Wing               Time % Phy DF OF 
 1 Brayden Point            Jonathan Huberdeau       Logan Shaw               34     0   2  3  
 2 Nazem Kadri              Jeff Skinner             Tom Wilson               32     0   2  3  
 3 Sam Bennett              Sven Baertschi           Ondrej Kase              24     0   3  2  
 4 Anton Lander             Valeri Nichushkin        Nick Palmieri            10     1   3  1  

5 vs 5 Defense 
   Defense                  Defense                                           Time % Phy DF OF 
 1 Cam Fowler               Michael Del Zotto                                 38     0   4  1  
 2 Erik Karlsson            Filip Hronek                                      34     0   3  2  
 3 Damon Severson           Ilya Lyubushkin                                   28     0   3  2  
 4 Cam Fowler               Michael Del Zotto                                 0      0   3  2  

PowerPlay Forward 
   Center                   Left Wing                Right Wing               Time % Phy DF OF 
 1 Brayden Point            Jonathan Huberdeau       Sam Bennett              60     0   1  4  
 2 Nazem Kadri              Jeff Skinner             Tom Wilson               40     0   1  4  

PowerPlay Defense
   Defense                  Defense                                           Time % Phy DF OF 
 1 Michael Del Zotto        Erik Karlsson                                     60     0   2  3  
 2 Cam Fowler               Damon Severson                                    40     0   2  3  

Penalty Kill 4 Players Forward 
   Center                   Wing                     Time % Phy DF OF 
 1 Sam Bennett              Nick Palmieri            60     1   3  1  
 2 Sven Baertschi           Logan Shaw               40     1   3  1  

Penalty Kill 4 Players Defense
   Defense                  Defense                  Time % Phy DF OF 
 1 Ilya Lyubushkin          Filip Hronek             60     1   4  0  
 2 Michael Del Zotto        Cam Fowler               40     1   4  0  

Penalty Kill - 3 Players Forward 
   Forward                                           Time % Phy DF OF 
 1 Nick Palmieri                                     60     1   4  0  
 2 Logan Shaw                                        40     1   4  0  

Penalty Kill - 3 Players Defense
   Defense                  Defense                  Time % Phy DF OF 
 1 Cam Fowler               Michael Del Zotto        60     1   4  0  
 2 Erik Karlsson            Filip Hronek             40     1   4  0  

4 vs 4 Forward 
   Center                   Wing                     Time % Phy DF OF 
 1 Brayden Point            Jonathan Huberdeau       60     0   2  3  
 2 Nazem Kadri              Jeff Skinner             40     0   2  3  

4 vs 4 Defense
   Defense                  Defense                  Time % Phy DF OF 
 1 Cam Fowler               Michael Del Zotto        60     1   2  2  
 2 Filip Hronek             Erik Karlsson            40     0   3  2  

Last Minutes Offensive
   Center                   Left Wing                Right Wing               Defense                  Defense                  
   Brayden Point            Jonathan Huberdeau       Sam Bennett              Michael Del Zotto        Erik Karlsson            

Last Minutes Defensive
   Center                   Left Wing                Right Wing               Defense                  Defense                  
   Sam Bennett              Sven Baertschi           Logan Shaw               Cam Fowler               Michael Del Zotto        

Goaltenders
Starting : Elvis Merzlikins         
Backup : Olivier Roy              

Extra Forwards
Normal : Sam Bennett, Ondrej Kase, Valeri Nichushkin - PP : Ondrej Kase, Logan Shaw - PK : Ondrej Kase
Extra Defensemen
Normal : Filip Hronek, Damon Severson, Ilya Lyubushkin - PP : Filip Hronek - PK : Erik Karlsson, Damon Severson
Penalty Shots
Nazem Kadri, Brayden Point, Jeff Skinner, Ondrej Kase, Jonathan Huberdeau
Custom OT Lines Forwards
Jonathan Huberdeau, Brayden Point, Nazem Kadri, Jeff Skinner, Sam Bennett, Ondrej Kase, Tom Wilson, Sven Baertschi, Logan Shaw, Valeri Nichushkin
Custom OT Lines Defensemen
Cam Fowler, Michael Del Zotto, Erik Karlsson, Filip Hronek, Damon Severson

Scratches
Kristopher Letang (Healthy), Matt Donovan (Healthy)

% Time on Ice - Panthers

Lines # - Real PCT - Wanted PCT - Time Play
Normal Forward
1 - 39% - 40% - 16:55
2 - 26% - 30% - 11:15
3 - 20% - 20% - 8:50
4 - 14% - 10% - 6:16
Normal Defense
1 - 45% - 40% - 19:17
2 - 31% - 30% - 13:20
3 - 22% - 20% - 9:35
4 - 2% - 10% - 1:04
PP Forward
1 - 53% - 60% - 4:12
2 - 47% - 40% - 3:45
PP Defense
1 - 57% - 60% - 4:30
2 - 43% - 40% - 3:27
PK Forward
1 - 72% - 60% - 6:19
2 - 28% - 40% - 2:28
PK Defense
1 - 65% - 60% - 5:44
2 - 35% - 40% - 3:03
PK3 Forward
1 - 0% - 60%
2 - 0% - 40%
PK3 Defense
1 - 0% - 60%
2 - 0% - 40%
44 Forward
1 - 0% - 60%
2 - 0% - 40%
44 Defense
1 - 0% - 60%
2 - 0% - 40%
Last Minute Offensive  - 0:00
Last Minute Defensive  - 0:00
Total
Forward - 60:00
Defense - 60:00

% Time on Ice - Devils

Lines # - Real PCT - Wanted PCT - Time Play
Normal Forward
1 - 34% - 34% - 14:33
2 - 31% - 32% - 13:18
3 - 21% - 24% - 9:15
4 - 14% - 10% - 6:10
Normal Defense
1 - 38% - 38% - 16:14
2 - 35% - 34% - 15:17
3 - 27% - 28% - 11:45
4 - 0% - 0% - 0:00
PP Forward
1 - 56% - 60% - 4:54
2 - 44% - 40% - 3:53
PP Defense
1 - 62% - 60% - 5:29
2 - 38% - 40% - 3:18
PK Forward
1 - 72% - 60% - 5:45
2 - 28% - 40% - 2:12
PK Defense
1 - 48% - 60% - 3:50
2 - 52% - 40% - 4:07
PK3 Forward
1 - 0% - 60%
2 - 0% - 40%
PK3 Defense
1 - 0% - 60%
2 - 0% - 40%
44 Forward
1 - 0% - 60%
2 - 0% - 40%
44 Defense
1 - 0% - 60%
2 - 0% - 40%
Last Minute Offensive  - 0:00
Last Minute Defensive  - 0:00
Total
Forward - 60:00
Defense - 60:00

Play-by-Play

1st period


0:01 of 1st period - Brayden Point wins face-off versus Matt Duchene in neutral zone.
0:08 of 1st period - Snap shot by Jonathan Huberdeau.
0:08 of 1st period - Stopped by Brandon Halverson with a rebound.
0:29 of 1st period - Off-side.
0:30 of 1st period - Aleksander Barkov wins face-off versus Nazem Kadri in neutral zone.
0:57 of 1st period - Wrist shot by Nazem Kadri.
0:57 of 1st period - Shot Blocked by Niklas Hansson.
1:13 of 1st period - Snap shot by Drake Batherson.
1:13 of 1st period - Shot Blocked by Nazem Kadri.
1:15 of 1st period - Snap shot by Aleksander Barkov.
1:15 of 1st period - Shot Blocked by Damon Severson.
1:17 of 1st period - Slapshot by Nikolay Goldobin.
1:17 of 1st period - Stopped by Elvis Merzlikins without a rebound.
1:18 of 1st period - Sam Bennett wins face-off versus Miro Aaltonen in Devils zone.
2:07 of 1st period - Dominik Kahun is hit by Cam Fowler and loses puck.
3:19 of 1st period - Wrist shot by Valeri Nichushkin.
3:19 of 1st period - Stopped by Brandon Halverson without a rebound.
3:20 of 1st period - Matt Duchene wins face-off versus Sam Bennett in Panthers zone.
3:20 of 1st period - Matt Duchene is hit by Ondrej Kase.
3:31 of 1st period - Wrist shot by Nick Schmaltz.
3:31 of 1st period - Stopped by Elvis Merzlikins without a rebound.
3:32 of 1st period - Matt Duchene wins face-off versus Brayden Point in Devils zone.
4:08 of 1st period - Backhand shot by Sven Baertschi.
4:08 of 1st period - Shot Misses the Net.
4:46 of 1st period - Snap shot by Alex Galchenyuk.
4:46 of 1st period - Shot Misses the Net.
4:48 of 1st period - Slapshot by Nick Schmaltz.
4:48 of 1st period - Deflect By Alex Galchenyuk.
4:48 of 1st period - Goal by Alex Galchenyuk - Panthers : 1 - Devils : 0.
4:49 of 1st period - Matt Duchene wins face-off versus Brayden Point in neutral zone.
4:58 of 1st period - Wrist shot by Brayden Point.
4:58 of 1st period - Shot Misses the Net.
5:00 of 1st period - Wrist shot by Jonathan Huberdeau.
5:00 of 1st period - Shot Blocked by Aaron Ekblad.
5:12 of 1st period - Minor Penalty to Rasmus Ristolainen for Close Hand On Puck.
5:13 of 1st period - Brayden Point wins face-off versus Nick Schmaltz in Panthers zone.
5:30 of 1st period - Backhand shot by Jonathan Huberdeau.
5:30 of 1st period - Shot Misses the Net.
5:40 of 1st period - Aleksander Barkov is hit by Erik Karlsson and loses puck.
6:01 of 1st period - Snap shot by Jonathan Huberdeau.
6:01 of 1st period - Shot Misses the Net.
6:03 of 1st period - Snap shot by Jonathan Huberdeau.
6:03 of 1st period - Goal by Jonathan Huberdeau - Panthers : 1 - Devils : 1.
6:04 of 1st period - Nazem Kadri wins face-off versus Miro Aaltonen in neutral zone.
6:31 of 1st period - Dominik Kahun is hit by Nick Palmieri and loses puck.
6:40 of 1st period - Wrist shot by Anton Lander.
6:40 of 1st period - Shot Misses the Net.
7:19 of 1st period - Slapshot by Rasmus Ristolainen.
7:19 of 1st period - Shot Hit the Post.
7:41 of 1st period - Snap shot by Rasmus Ristolainen.
7:41 of 1st period - Shot Blocked by Filip Hronek.
7:43 of 1st period - Wrist shot by Jordan Szwarz.
7:43 of 1st period - Shot Misses the Net.
7:45 of 1st period - Snap shot by Rasmus Ristolainen.
7:45 of 1st period - Goal by Rasmus Ristolainen - Panthers : 2 - Devils : 1.
7:46 of 1st period - Alex Galchenyuk wins face-off versus Brayden Point in neutral zone.
7:51 of 1st period - Snap shot by Alex Galchenyuk.
7:51 of 1st period - Stopped by Elvis Merzlikins without a rebound.
7:52 of 1st period - Matt Duchene wins face-off versus Brayden Point in Devils zone.
8:09 of 1st period - Snap shot by Matt Duchene.
8:09 of 1st period - Shot Misses the Net.
9:19 of 1st period - Snap shot by Alex Galchenyuk.
9:19 of 1st period - Stopped by Elvis Merzlikins without a rebound.
9:20 of 1st period - Matt Duchene wins face-off versus Brayden Point in Devils zone.
9:21 of 1st period - Snap shot by Nick Schmaltz.
9:21 of 1st period - Shot Misses the Net.
9:39 of 1st period - Snap shot by Brayden Point.
9:39 of 1st period - Stopped by Brandon Halverson with a rebound.
9:51 of 1st period - Snap shot by Jonathan Huberdeau.
9:51 of 1st period - Shot Misses the Net.
9:55 of 1st period - Snap shot by Jonathan Huberdeau.
9:55 of 1st period - Stopped by Brandon Halverson with a rebound.
9:57 of 1st period - Slapshot by Jonathan Huberdeau.
9:57 of 1st period - Shot Misses the Net.
10:01 of 1st period - Slapshot by Jonathan Huberdeau.
10:01 of 1st period - Stopped by Brandon Halverson with a rebound.
10:03 of 1st period - Slapshot by Erik Karlsson.
10:03 of 1st period - Shot Blocked by Nick Schmaltz.
10:05 of 1st period - Slapshot by Brayden Point.
10:05 of 1st period - Stopped by Brandon Halverson with a rebound.
10:07 of 1st period - Slapshot by Filip Hronek.
10:07 of 1st period - Stopped by Brandon Halverson with a rebound.
10:09 of 1st period - Snap shot by Logan Shaw.
10:09 of 1st period - Stopped by Brandon Halverson with a rebound.
10:11 of 1st period - Slapshot by Filip Hronek.
10:11 of 1st period - Stopped by Brandon Halverson with a rebound.
10:13 of 1st period - Slapshot by Erik Karlsson.
10:13 of 1st period - Deflect By Alex Galchenyuk.
10:13 of 1st period - Stopped by Brandon Halverson without a rebound.
10:14 of 1st period - Nazem Kadri wins face-off versus Drake Batherson in Panthers zone.
10:19 of 1st period - Wrist shot by Nazem Kadri.
10:19 of 1st period - Shot Misses the Net.
10:21 of 1st period - Wrist shot by Jeff Skinner.
10:21 of 1st period - Stopped by Brandon Halverson with a rebound.
10:43 of 1st period - Sam Bennett is hit by Jordan Szwarz and loses puck.
11:06 of 1st period - Snap shot by Dmitrij Jaskin.
11:06 of 1st period - Stopped by Elvis Merzlikins without a rebound.
11:07 of 1st period - Drake Batherson wins face-off versus Nazem Kadri in Devils zone.
11:10 of 1st period - Snap shot by Aleksander Barkov.
11:10 of 1st period - Deflect By Erik Karlsson.
11:10 of 1st period - Stopped by Elvis Merzlikins without a rebound.
11:11 of 1st period - Aleksander Barkov wins face-off versus Nazem Kadri in Devils zone.
11:28 of 1st period - Aleksander Barkov is hit by Jeff Skinner.
11:35 of 1st period - Minor Penalty to Nazem Kadri for Tripping.
11:36 of 1st period - Sam Bennett wins face-off versus Matt Duchene in Devils zone.
12:02 of 1st period - Nikolay Goldobin is hit by Ilya Lyubushkin and loses puck.
13:35 of 1st period - Penalty to Nazem Kadri is over, Nazem Kadri is back on ice.
14:13 of 1st period - Brayden Point is hit by Chris Bourque and loses puck.
14:20 of 1st period - Snap shot by Dmitrij Jaskin.
14:20 of 1st period - Goal by Dmitrij Jaskin - Panthers : 3 - Devils : 1.
14:21 of 1st period - Aleksander Barkov wins face-off versus Sam Bennett in neutral zone.
14:41 of 1st period - Double Minor Penalty to Michael Del Zotto for Slashing.
14:42 of 1st period - Matt Duchene wins face-off versus Sam Bennett in Devils zone.
14:50 of 1st period - Snap shot by Nick Schmaltz.
14:50 of 1st period - Stopped by Elvis Merzlikins with a rebound.
14:52 of 1st period - Wrist shot by Matt Duchene.
14:52 of 1st period - Shot Blocked by Filip Hronek.
14:54 of 1st period - Slapshot by Rasmus Ristolainen.
14:54 of 1st period - Shot Blocked by Nick Palmieri.
16:59 of 1st period - Ondrej Kase is hit by Chris Bourque and loses puck.
18:41 of 1st period - Penalty to Michael Del Zotto is over, Michael Del Zotto is back on ice.
19:05 of 1st period - Radim Simek is hit by Michael Del Zotto and loses puck.
19:32 of 1st period - Timothy Liljegren is hit by Nick Palmieri and loses puck.
19:45 of 1st period - Icing by Matt Duchene.
19:46 of 1st period - Matt Duchene wins face-off versus Nazem Kadri in Panthers zone.
Goals for this period are 3 for Panthers vs 1 for Devils.
Shots for this period are 10 for Panthers vs 12 for Devils.

2nd period


0:01 of 2nd period - Matt Duchene wins face-off versus Brayden Point in neutral zone.
0:10 of 2nd period - Snap shot by Alex Galchenyuk.
0:10 of 2nd period - Deflect By Matt Duchene.
0:10 of 2nd period - Deflect By Brayden Point.
0:10 of 2nd period - Shot Misses the Net.
0:10 of 2nd period - Puck is out of play.
0:11 of 2nd period - Matt Duchene wins face-off versus Logan Shaw in Devils zone.
0:12 of 2nd period - Snap shot by Alex Galchenyuk.
0:12 of 2nd period - Stopped by Elvis Merzlikins without a rebound.
0:13 of 2nd period - Matt Duchene wins face-off versus Brayden Point in Devils zone.
0:16 of 2nd period - Wrist shot by Matt Duchene.
0:16 of 2nd period - Shot Blocked by Erik Karlsson.
0:24 of 2nd period - Slapshot by Jonathan Huberdeau.
0:24 of 2nd period - Stopped by Brandon Halverson with a rebound.
0:28 of 2nd period - Wrist shot by Jonathan Huberdeau.
0:28 of 2nd period - Shot Misses the Net.
0:30 of 2nd period - Snap shot by Jonathan Huberdeau.
0:30 of 2nd period - Shot Misses the Net.
0:46 of 2nd period - Snap shot by Aleksander Barkov.
0:46 of 2nd period - Shot Blocked by Ondrej Kase.
0:48 of 2nd period - Slapshot by Aaron Ekblad.
0:48 of 2nd period - Shot Misses the Net.
1:46 of 2nd period - Slapshot by Griffin Reinhart.
1:46 of 2nd period - Deflect By Logan Shaw.
1:46 of 2nd period - Stopped by Elvis Merzlikins with a rebound.
1:52 of 2nd period - Slapshot by Brayden Point.
1:52 of 2nd period - Shot Misses the Net.
1:54 of 2nd period - Slapshot by Ilya Lyubushkin.
1:54 of 2nd period - Shot Misses the Net.
2:08 of 2nd period - Snap shot by Drake Batherson.
2:08 of 2nd period - Stopped by Elvis Merzlikins without a rebound.
2:09 of 2nd period - Nazem Kadri wins face-off versus Drake Batherson in Devils zone.
2:42 of 2nd period - Slapshot by Nikolay Goldobin.
2:42 of 2nd period - Stopped by Elvis Merzlikins with a rebound.
2:44 of 2nd period - Snap shot by Aleksander Barkov.
2:44 of 2nd period - Stopped by Elvis Merzlikins without a rebound.
2:45 of 2nd period - Brayden Point wins face-off versus Matt Duchene in Devils zone.
2:45 of 2nd period - Brayden Point is hit by Nick Schmaltz.
2:53 of 2nd period - Snap shot by Logan Shaw.
2:53 of 2nd period - Stopped by Brandon Halverson without a rebound.
2:54 of 2nd period - Brayden Point wins face-off versus Matt Duchene in Panthers zone.
3:56 of 2nd period - Minor Penalty to Matt Duchene for Roughing.
3:57 of 2nd period - Nazem Kadri wins face-off versus Aleksander Barkov in Panthers zone.
3:57 of 2nd period - Snap shot by Tom Wilson.
3:57 of 2nd period - Stopped by Brandon Halverson with a rebound.
4:07 of 2nd period - Snap shot by Nazem Kadri.
4:07 of 2nd period - Stopped by Brandon Halverson without a rebound.
4:08 of 2nd period - Nazem Kadri wins face-off versus Aleksander Barkov in Panthers zone.
4:21 of 2nd period - Snap shot by Tom Wilson.
4:21 of 2nd period - Stopped by Brandon Halverson with a rebound.
4:23 of 2nd period - Slapshot by Michael Del Zotto.
4:23 of 2nd period - Stopped by Brandon Halverson with a rebound.
5:56 of 2nd period - Penalty to Matt Duchene is over, Matt Duchene is back on ice.
6:34 of 2nd period - Jordan Szwarz is hit by Anton Lander and loses puck.
6:45 of 2nd period - Filip Hronek is hit by Nathan Walker.
6:56 of 2nd period - Minor Penalty to Sam Bennett for Tripping.
6:57 of 2nd period - Matt Duchene wins face-off versus Ondrej Kase in Devils zone.
7:12 of 2nd period - Filip Hronek is hit by Rasmus Ristolainen and loses puck.
8:56 of 2nd period - Penalty to Sam Bennett is over, Sam Bennett is back on ice.
9:17 of 2nd period - Slapshot by Logan Shaw.
9:17 of 2nd period - Stopped by Brandon Halverson with a rebound.
9:56 of 2nd period - Snap shot by Logan Shaw.
9:56 of 2nd period - Stopped by Brandon Halverson without a rebound.
9:57 of 2nd period - Miro Aaltonen wins face-off versus Brayden Point in Panthers zone.
10:02 of 2nd period - Jonathan Huberdeau is hit by Jordan Szwarz and loses puck.
10:23 of 2nd period - Jeff Skinner is hit by Aleksander Barkov and loses puck.
10:35 of 2nd period - Timothy Liljegren is hit by Jeff Skinner and loses puck.
10:58 of 2nd period - Nick Schmaltz is hit by Erik Karlsson and loses puck.
11:43 of 2nd period - Niklas Hansson is hit by Jonathan Huberdeau.
13:28 of 2nd period - Snap shot by Aleksander Barkov.
13:28 of 2nd period - Stopped by Elvis Merzlikins without a rebound.
13:29 of 2nd period - Nazem Kadri wins face-off versus Matt Duchene in Devils zone.
14:10 of 2nd period - Slapshot by Rasmus Ristolainen.
14:10 of 2nd period - Deflect By Logan Shaw.
14:10 of 2nd period - Stopped by Elvis Merzlikins without a rebound.
14:11 of 2nd period - Nazem Kadri wins face-off versus Miro Aaltonen in Devils zone.
14:22 of 2nd period - Wrist shot by Nathan Walker.
14:22 of 2nd period - Deflect By Miro Aaltonen.
14:22 of 2nd period - Shot Misses the Net.
14:22 of 2nd period - Puck is out of play.
14:23 of 2nd period - Nazem Kadri wins face-off versus Matt Duchene in Devils zone.
15:05 of 2nd period - Slapshot by Alex Galchenyuk.
15:05 of 2nd period - Goal by Alex Galchenyuk - Panthers : 4 - Devils : 1.
15:05 of 2nd period - Olivier Roy enters game.
15:06 of 2nd period - Sam Bennett wins face-off versus Aleksander Barkov in neutral zone.
15:09 of 2nd period - Slapshot by Ondrej Kase.
15:09 of 2nd period - Stopped by Brandon Halverson with a rebound.
15:17 of 2nd period - Slapshot by Ondrej Kase.
15:17 of 2nd period - Stopped by Brandon Halverson without a rebound.
15:18 of 2nd period - Matt Duchene wins face-off versus Jonathan Huberdeau in Panthers zone.
15:23 of 2nd period - Brayden Point is hit by Matt Duchene and loses puck.
15:44 of 2nd period - Ilya Lyubushkin is hit by Nikolay Goldobin and loses puck.
16:18 of 2nd period - Slapshot by Jordan Szwarz.
16:18 of 2nd period - Goal by Jordan Szwarz - Panthers : 5 - Devils : 1.
16:19 of 2nd period - Matt Duchene wins face-off versus Brayden Point in neutral zone.
16:28 of 2nd period - Wrist shot by Alex Galchenyuk.
16:28 of 2nd period - Shot Misses the Net.
16:30 of 2nd period - Snap shot by Matt Duchene.
16:30 of 2nd period - Shot Misses the Net.
16:32 of 2nd period - Slapshot by Rasmus Ristolainen.
16:32 of 2nd period - Shot Blocked by Cam Fowler.
16:34 of 2nd period - Wrist shot by Nick Schmaltz.
16:34 of 2nd period - Shot Blocked by Cam Fowler.
16:36 of 2nd period - Slapshot by Rasmus Ristolainen.
16:36 of 2nd period - Stopped by Olivier Roy with a rebound.
16:46 of 2nd period - Rasmus Ristolainen is hit by Tom Wilson and loses puck.
17:13 of 2nd period - Griffin Reinhart is hit by Sam Bennett and loses puck.
17:26 of 2nd period - Miro Aaltonen is hit by Sven Baertschi and loses puck.
18:41 of 2nd period - Erik Karlsson is hit by Timothy Liljegren and loses puck.
19:39 of 2nd period - Jeff Skinner is hit by Dominik Kahun and loses puck.
19:50 of 2nd period - Wrist shot by Matt Duchene.
19:50 of 2nd period - Deflect By Alex Galchenyuk.
19:50 of 2nd period - Stopped by Olivier Roy with a rebound.
19:52 of 2nd period - Slapshot by Aaron Ekblad.
19:52 of 2nd period - Shot Blocked by Filip Hronek.
Goals for this period are 2 for Panthers vs 0 for Devils.
Shots for this period are 11 for Panthers vs 10 for Devils.

3rd period


0:01 of 3rd period - Brayden Point wins face-off versus Alex Galchenyuk in neutral zone.
0:30 of 3rd period - Michael Del Zotto is hit by Aleksander Barkov and loses puck.
0:55 of 3rd period - Snap shot by Dominik Kahun.
0:55 of 3rd period - Stopped by Olivier Roy without a rebound.
0:56 of 3rd period - Dominik Kahun wins face-off versus Brayden Point in Devils zone.
1:01 of 3rd period - Snap shot by Chris Bourque.
1:01 of 3rd period - Stopped by Olivier Roy without a rebound.
1:02 of 3rd period - Matt Duchene wins face-off versus Brayden Point in Devils zone.
1:16 of 3rd period - Minor Penalty to Griffin Reinhart for Tripping.
1:17 of 3rd period - Nick Schmaltz wins face-off versus Brayden Point in Panthers zone.
1:17 of 3rd period - Nick Schmaltz is hit by Erik Karlsson.
1:24 of 3rd period - Erik Karlsson is hit by Nick Schmaltz and loses puck.
1:43 of 3rd period - Aaron Ekblad is hit by Jeff Skinner and loses puck.
2:10 of 3rd period - Slapshot by Aaron Ekblad.
2:10 of 3rd period - Deflect By Damon Severson.
2:10 of 3rd period - Stopped by Olivier Roy without a rebound.
2:11 of 3rd period - Nick Schmaltz wins face-off versus Brayden Point in Devils zone.
2:26 of 3rd period - Backhand shot by Michael Del Zotto.
2:26 of 3rd period - Stopped by Brandon Halverson with a rebound.
3:16 of 3rd period - Penalty to Griffin Reinhart is over, Griffin Reinhart is back on ice.
3:18 of 3rd period - Wrist shot by Alex Galchenyuk.
3:18 of 3rd period - Shot Misses the Net.
4:02 of 3rd period - Radim Simek is hit by Tom Wilson and loses puck.
4:30 of 3rd period - Minor Penalty to Griffin Reinhart for High sticking.
4:31 of 3rd period - Aleksander Barkov wins face-off versus Brayden Point in Panthers zone.
5:09 of 3rd period - Cam Fowler is hit by Niklas Hansson and loses puck.
6:30 of 3rd period - Penalty to Griffin Reinhart is over, Griffin Reinhart is back on ice.
7:31 of 3rd period - Wrist shot by Nick Schmaltz.
7:31 of 3rd period - Stopped by Olivier Roy with a rebound.
7:53 of 3rd period - Slapshot by Ondrej Kase.
7:53 of 3rd period - Shot Misses the Net.
7:55 of 3rd period - Wrist shot by Ondrej Kase.
7:55 of 3rd period - Stopped by Brandon Halverson with a rebound.
7:57 of 3rd period - Slapshot by Cam Fowler.
7:57 of 3rd period - Stopped by Brandon Halverson with a rebound.
7:59 of 3rd period - Slapshot by Cam Fowler.
7:59 of 3rd period - Stopped by Brandon Halverson with a rebound.
8:01 of 3rd period - Wrist shot by Ondrej Kase.
8:01 of 3rd period - Shot Misses the Net.
8:03 of 3rd period - Slapshot by Filip Hronek.
8:03 of 3rd period - Stopped by Brandon Halverson without a rebound.
8:04 of 3rd period - Aleksander Barkov wins face-off versus Brayden Point in Panthers zone.
8:15 of 3rd period - Wrist shot by Logan Shaw.
8:15 of 3rd period - Shot Misses the Net.
8:17 of 3rd period - Wrist shot by Logan Shaw.
8:17 of 3rd period - Stopped by Brandon Halverson with a rebound.
8:19 of 3rd period - Slapshot by Ilya Lyubushkin.
8:19 of 3rd period - Stopped by Brandon Halverson with a rebound.
8:21 of 3rd period - Wrist shot by Brayden Point.
8:21 of 3rd period - Deflect By Timothy Liljegren.
8:21 of 3rd period - Stopped by Brandon Halverson without a rebound.
8:22 of 3rd period - Miro Aaltonen wins face-off versus Nazem Kadri in Panthers zone.
8:22 of 3rd period - Miro Aaltonen is hit by Tom Wilson.
8:30 of 3rd period - Ilya Lyubushkin is hit by Nathan Walker and loses puck.
8:49 of 3rd period - Aleksander Barkov is hit by Damon Severson and loses puck.
8:58 of 3rd period - Backhand shot by Logan Shaw.
8:58 of 3rd period - Stopped by Brandon Halverson without a rebound.
8:59 of 3rd period - Aleksander Barkov wins face-off versus Nazem Kadri in Panthers zone.
8:59 of 3rd period - Aleksander Barkov is hit by Michael Del Zotto.
9:05 of 3rd period - Snap shot by Tom Wilson.
9:05 of 3rd period - Stopped by Brandon Halverson without a rebound.
9:06 of 3rd period - Nikolay Goldobin wins face-off versus Nazem Kadri in Panthers zone.
9:20 of 3rd period - Michael Del Zotto is hit by Radim Simek and loses puck.
9:25 of 3rd period - Wrist shot by Aleksander Barkov.
9:25 of 3rd period - Goal by Aleksander Barkov - Panthers : 6 - Devils : 1.
9:26 of 3rd period - Drake Batherson wins face-off versus Brayden Point in neutral zone.
9:37 of 3rd period - Snap shot by Aleksander Barkov.
9:37 of 3rd period - Stopped by Olivier Roy without a rebound.
9:38 of 3rd period - Matt Duchene wins face-off versus Brayden Point in Devils zone.
9:41 of 3rd period - Wrist shot by Alex Galchenyuk.
9:41 of 3rd period - Goal by Alex Galchenyuk - Panthers : 7 - Devils : 1.
9:42 of 3rd period - Brayden Point wins face-off versus Matt Duchene in neutral zone.
10:19 of 3rd period - Wrist shot by Nazem Kadri.
10:19 of 3rd period - Deflect By Tom Wilson.
10:19 of 3rd period - Shot Misses the Net.
10:19 of 3rd period - Puck is out of play.
10:20 of 3rd period - Jeff Skinner wins face-off versus Miro Aaltonen in Panthers zone.
11:32 of 3rd period - Slapshot by Aleksander Barkov.
11:32 of 3rd period - Stopped by Olivier Roy with a rebound.
11:34 of 3rd period - Slapshot by Radim Simek.
11:34 of 3rd period - Stopped by Olivier Roy with a rebound.
11:36 of 3rd period - Snap shot by Nikolay Goldobin.
11:36 of 3rd period - Shot Blocked by Anton Lander.
11:38 of 3rd period - Snap shot by Drake Batherson.
11:38 of 3rd period - Shot Misses the Net.
11:40 of 3rd period - Slapshot by Radim Simek.
11:40 of 3rd period - Stopped by Olivier Roy without a rebound.
11:41 of 3rd period - Logan Shaw wins face-off versus Matt Duchene in Devils zone.
11:48 of 3rd period - Wrist shot by Logan Shaw.
11:48 of 3rd period - Stopped by Brandon Halverson with a rebound.
11:50 of 3rd period - Snap shot by Brayden Point.
11:50 of 3rd period - Stopped by Brandon Halverson without a rebound.
11:51 of 3rd period - Brayden Point wins face-off versus Matt Duchene in Panthers zone.
12:14 of 3rd period - Snap shot by Logan Shaw.
12:14 of 3rd period - Stopped by Brandon Halverson with a rebound.
12:16 of 3rd period - Snap shot by Jonathan Huberdeau.
12:16 of 3rd period - Shot Misses the Net.
12:26 of 3rd period - Wrist shot by Logan Shaw.
12:26 of 3rd period - Shot Misses the Net.
12:28 of 3rd period - Snap shot by Brayden Point.
12:28 of 3rd period - Stopped by Brandon Halverson with a rebound.
12:58 of 3rd period - Snap shot by Logan Shaw.
12:58 of 3rd period - Shot Blocked by Aaron Ekblad.
13:06 of 3rd period - Wrist shot by Brayden Point.
13:06 of 3rd period - Goal by Brayden Point - Panthers : 7 - Devils : 2.
13:07 of 3rd period - Aleksander Barkov wins face-off versus Nazem Kadri in neutral zone.
13:21 of 3rd period - Wrist shot by Nikolay Goldobin.
13:21 of 3rd period - Shot Misses the Net.
13:52 of 3rd period - Minor Penalty to Niklas Hansson for Hooking.
13:53 of 3rd period - Aleksander Barkov wins face-off versus Jonathan Huberdeau in Panthers zone.
14:40 of 3rd period - Aleksander Barkov is hit by Sam Bennett and loses puck.
14:51 of 3rd period - Tom Wilson is hit by Aaron Ekblad and loses puck.
15:52 of 3rd period - Penalty to Niklas Hansson is over, Niklas Hansson is back on ice.
15:56 of 3rd period - Wrist shot by Alex Galchenyuk.
15:56 of 3rd period - Stopped by Olivier Roy with a rebound.
16:33 of 3rd period - Off-side.
16:34 of 3rd period - Miro Aaltonen wins face-off versus Brayden Point in neutral zone.
17:01 of 3rd period - Slapshot by Rasmus Ristolainen.
17:01 of 3rd period - Stopped by Olivier Roy with a rebound.
17:15 of 3rd period - Wrist shot by Niklas Hansson.
17:15 of 3rd period - Deflect By Michael Del Zotto.
17:15 of 3rd period - Stopped by Olivier Roy with a rebound.
17:29 of 3rd period - Icing by Matt Duchene.
17:30 of 3rd period - Matt Duchene wins face-off versus Sam Bennett in Panthers zone.
18:35 of 3rd period - Brayden Point is hit by Dominik Kahun and loses puck.
18:54 of 3rd period - Slapshot by Dmitrij Jaskin.
18:54 of 3rd period - Shot Blocked by Ilya Lyubushkin.
19:02 of 3rd period - Wrist shot by Logan Shaw.
19:02 of 3rd period - Shot Misses the Net.
19:04 of 3rd period - Snap shot by Jonathan Huberdeau.
19:04 of 3rd period - Goal by Jonathan Huberdeau - Panthers : 7 - Devils : 3.
19:05 of 3rd period - Nazem Kadri wins face-off versus Alex Galchenyuk in neutral zone.
19:12 of 3rd period - Snap shot by Jeff Skinner.
19:12 of 3rd period - Shot Blocked by Rasmus Ristolainen.
19:14 of 3rd period - Slapshot by Cam Fowler.
19:14 of 3rd period - Stopped by Brandon Halverson without a rebound.
19:15 of 3rd period - Matt Duchene wins face-off versus Jeff Skinner in Panthers zone.
19:47 of 3rd period - Wrist shot by Alex Galchenyuk.
19:47 of 3rd period - Shot Blocked by Nazem Kadri.
Goals for this period are 2 for Panthers vs 2 for Devils.
Shots for this period are 13 for Panthers vs 17 for Devils.